 Dungeon Crawl Stone Soup version 0.26.1-11-gd32895ea62 (webtiles) character file.

Game seed: 14112210049745813858

171 Descartes the Covered (level 5, -4/41 HPs)
             Began as a Formicid Abyssal Knight on June 12, 2021.
             Was a Believer of Lugonu.
             Slain by an ogre
             ... wielding a +0 giant spiked club
              (21 damage)
             ... on level 4 of the Dungeon.
             The game lasted 00:05:07 (3224 turns).

Descartes the Covered (Formicid Abyssal Knight)     Turns: 3224, Time: 00:05:07

Health: -4/41      AC:  8    Str: 17    XL:     5   Next: 81%
Magic:  6/6        EV: 10    Int: 12    God:    Lugonu [**....]
Gold:   196        SH:  0    Dex: 10    Spells: 4/4 levels left

rFire    . . .     SeeInvis +   a - +1 falchion
rCold    . . .     Faith    .   (no shield)
rNeg     . . .     Spirit   .   k - +0 ring mail
rPois    .         Reflect  .   (helmet unavailable)
rElec    .         Harm     .   (no cloak)
rCorr    .         Rampage  .   l - +1 pair of gloves
Will     .....                  (no boots)
Stlth    ..........             (no amulet)
HPRegen  0.13/turn              (no ring)
MPRegen  0.10/turn              (no ring)

@: no status effects
A: permanent stasis, dig shafts and tunnels, four strong arms, antennae 3
a: Dig, Shaft Self, Renounce Religion, Depart the Abyss, Bend Space


You were on level 4 of the Dungeon.
You worshipped Lugonu.
Lugonu was pleased with you.
You visited 1 branch of the dungeon, and saw 4 of its levels.
You visited the Abyss 1 time.

You collected 196 gold pieces.

Inventory:

Hand Weapons
 a - a +1 falchion (weapon)
 m - a +0 war axe
 q - a +0 bardiche
 x - a +0 arbalest
Missiles
 d - 4 silver javelins
 h - 167 stones
 v - 5 javelins
Armour
 k - a +0 ring mail (worn)
 l - a +1 pair of gloves (worn)
Scrolls
 b - a scroll of fear {unknown}
 e - 10 scrolls of identify {unknown}
 n - a scroll of blinking {unknown}
 o - 2 scrolls of magic mapping {unknown}
 t - a scroll of enchant armour {unknown}
 u - 3 scrolls of remove curse {unknown}
 w - a scroll of amnesia {unknown}
Potions
 c - 3 potions of resistance {unknown}
 f - 2 potions of brilliance {unknown}
 g - a potion of heal wounds {unknown}
 i - 2 potions of attraction {unknown}
 j - a potion of might {unknown}
 p - a potion of degeneration {unknown}
 r - a potion of curing {unknown}
 s - 2 potions of flight {unknown}


   Skills:
 - Level 3.2 Fighting
 - Level 2.0 Long Blades
 + Level 6.1 Armour
 - Level 0.8 Dodging
 - Level 2.1 Invocations


You had 4 spell levels left.
You didn't know any spells.
Your spell library was empty.

Dungeon Overview and Level Annotations

Branches:
Dungeon (4/15)
 Temple: D:4-7

Altars:
Uskayaw


Innate Abilities, Weirdness & Mutations

You cannot be hasted, slowed, berserked, paralysed or teleported.
You can dig through walls and to a lower floor.
Your four strong arms can wield two-handed weapons with a shield.
You have a pair of large antennae on your head. (SInv)


Message History

You are too injured to fight recklessly!
You are too injured to fight recklessly!
You are too injured to fight recklessly!
You are too injured to fight recklessly!
You are too injured to fight recklessly!
You are too injured to fight recklessly!
You are too injured to fight recklessly!
You are too injured to fight recklessly!
You are too injured to fight recklessly!
You are too injured to fight recklessly!
You are too injured to fight recklessly!
You are too injured to fight recklessly!
You are too injured to fight recklessly!
You are too injured to fight recklessly!
You are too injured to fight recklessly!
You hit the ogre.
The ogre is moderately wounded.
The ogre hits you with a +0 giant spiked club!!
Ouch! That really hurt!
You die...

###### # #.$..
.# #...###.###
#######?#.......
.$....O.....#.#
#@......#
#.....#.#
#.....?.#
####.#### #.#
##'## #.#
##...##
#.###....)## #
#.##.......## .


You could see an ogre.

Vanquished Creatures
  Jessica (D:3)
  An orc wizard (D:4)
  An adder (D:4)
  An ufetubus (D:3)
  2 oozes
  4 worms
  2 leopard geckos
  11 orcs
  3 ball pythons (D:2)
  6 giant cockroaches
  6 goblins
  3 hobgoblins
  3 jackals (D:3)
  6 kobolds
  10 bats
  4 frilled lizards (D:1)
  A giant cockroach zombie (D:3)
  5 rats
70 creatures vanquished.

Notes
Turn   | Place    | Note
-------+----------+-------------------------------------------
     0 | Abyss:1  | Descartes the Formicid Abyssal Knight began the quest for
                  | the Orb.
     0 | Abyss:1  | Reached XP level 1. HP: 18/18 MP: 2/2
    17 | Abyss:1  | Found a corrupted altar of Lugonu.
    26 | Abyss:1  | Found a shimmering blue altar of Sif Muna.
    92 | Abyss:2  | Noticed a neqoxec
    94 | D:1      | Escaped the Abyss
   464 | D:1      | Reached XP level 2. HP: 24/24 MP: 3/3
   530 | D:1      | Reached skill level 3 in Armour
   740 | D:1      | Reached * piety under Lugonu
  1114 | D:1      | Reached XP level 3. HP: 29/29 MP: 4/4
  1334 | D:2      | Reached skill level 4 in Armour
  1617 | D:2      | Found a hide-covered altar of Uskayaw.
  1673 | D:2      | Reached XP level 4. HP: 34/35 MP: 5/5
  1825 | D:2      | Reached ** piety under Lugonu
  2230 | D:3      | Reached skill level 5 in Armour
  2564 | D:3      | Reached XP level 5. HP: 41/41 MP: 6/6
  2781 | D:3      | Noticed Jessica
  2785 | D:3      | Killed Jessica
  3160 | D:4      | Reached skill level 6 in Armour
  3217 | D:4      | Noticed an ogre
  3224 | D:4      | Slain by an ogre

Illustrated notes

Levels and vault maps discovered:
D:1:      roderic_dead_forest, layout_loops_corners
D:2:      layout_basic, old_standard_altar
D:3:      layout_loops_ring, uniq_jessica
D:4:      layout_loops_corners, temple_green, serial_shops,
          nicolae_shop_competitors_out_of_business

Skill      XL: |  1  2  3  4  5 |
---------------+----------------+-----
Armour         | 3 4 5 6 |  6.1
Fighting       | |  3.2
Long Blades    | |  2.0
Dodging        | |  0.8
Invocations    | |  2.1

Action                   |  1- 3 |  4- 6 || total
-------------------------+-------+-------++-------
Melee: Falchion          |    86 |   120 ||   206
Invok: Depart the Abyss  |     1 |       ||     1
Armor: Leather armour    |     8 |       ||     8
       Ring mail         |    49 |    72 ||   121
Dodge: Dodged            |    62 |    86 ||   148
       Rpst.: Falchion   |    16 |    27 ||    43
